 Dungeon Crawl Stone Soup version 0.19-a0-158-gdcc5c43 (webtiles) character file.

77 FrankyJ the Stinger (level 4, -7/31 HPs)
             Began as a Demonspawn Venom Mage on May 21, 2016.
             Was an Initiate of Yredelemnul.
             Mangled by an orc
             ... wielding a +0 hand axe
              (9 damage)
             ... on level 2 of the Dungeon.
             The game lasted 00:08:57 (1974 turns).

FrankyJ the Stinger (Demonspawn Venom Mage)         Turns: 1974, Time: 00:08:58

Health: -7/31      AC:  3    Str:  9    XL:     4   Next: 13%
Magic:  9/9        EV:  7    Int: 16    God:    Yredelemnul [......]
Gold:   27         SH:  0    Dex: 14    Spells: 3 memorised, 3 levels left

rFire  . . .     SeeInvis .     h - +0 dagger
rCold  . . .     Gourm    .     a - +0 robe
rNeg   . . .     Faith    .     (no shield)
rPois  .         Spirit   .     (no helmet)
rElec  .         Dismiss  .     (no cloak)
rCorr  .         Reflect  .     (no gloves)
SustAt .         Harm     .     (no boots)
MR     .....                    (no amulet)
Stlth  ++........               (no ring)
                                (no ring)

@: not resistant to hostile enchantments, unstealthy
A: talons 1, rugged brown scales 1
a: Renounce Religion


You were on level 2 of the Dungeon.
You worshipped Yredelemnul.
Yredelemnul was noncommittal.
You were not hungry.

You visited 1 branch of the dungeon, and saw 3 of its levels.

You collected 27 gold pieces.

Inventory:

Hand Weapons
 h - a +0 dagger (weapon)
 i - a +0 hand axe
Missiles
 d - 9 poisoned needles
Armour
 a - a +0 robe (worn)
Scrolls
 e - a scroll of magic mapping {unknown}
 f - a scroll of remove curse {unknown}
 g - a scroll of teleportation {unknown}
 l - a scroll of immolation {unknown}
 o - a scroll of identify {unknown}
Potions
 j - a potion of curing {unknown}
Books
 b - a Young Poisoner's Handbook

   Spells                             Type                      Level
   a - Sting                          Conjuration/Poison           1
   b - Cure Poison                    Poison                       2
   c - Mephitic Cloud                 Conjuration/Poison/Air       3
   d - Olgreb's Toxic Radiance        Poison                       4
   e - Venom Bolt                     Conjuration/Poison           5
Comestibles
 c - 2 bread rations
 k - a beef jerky
 m - 2 meat rations
 n - a chunk of flesh


   Skills:
 + Level 0.8 Fighting
 - Level 2.0 Dodging
 - Level 2.1 Stealth
 + Level 3.3 Spellcasting
 - Level 4.2 Poison Magic


You had 3 spell levels left.
You knew the following spells:

 Your Spells              Type           Power        Failure   Level  Hunger
a - Sting                 Conj/Pois      #...         10%         1    None
b - Cure Poison           Pois           ###.......   6%          2    ##.....
c - Mephitic Cloud        Conj/Pois/Air  #.......     34%         3    ###....


Dungeon Overview and Level Annotations

Branches:
Dungeon (3/15)

Altars:
Yredelemnul


Innate Abilities, Weirdness & Mutations

You have sharp toenails.
You are partially covered in rugged brown scales (AC +1, +3% HP).


Message History

You hit the orc but do no damage. The orc hits you with a hand axe.
* * * LOW HITPOINT WARNING * * *
The orc hits you with a mace.
* * * LOW HITPOINT WARNING * * *
The orc hits you with a hand axe.
* * * LOW HITPOINT WARNING * * *
Casting: Sting
Confirm with . or Enter, or press ? or * to list all spells.
Aiming: Sting
Press: ? - help, Shift-Dir - straight line, f - orc
Aim: an orc, wielding a hand axe and wearing a leather armour The sting hits the orc.
The orc is poisoned.
The orc is lightly wounded.
The orc hits you with a hand axe.
* * * LOW HITPOINT WARNING * * *
The orc looks more healthy.
There is a stone staircase leading up here.
The orc hits you with a hand axe!
You die...
Your body rises from the dead as a mindless zombie.

#(##.##.# #######........#
#.##....###.....####...###
#.##............# #...#
#...............# #...#
#...>...........# ###.#
#.##.........o..# #.#
#.##......o##.########.#
#.##......o##.......##.#
#........[@########>##.#
####.#####.............####
#.# #.########.###....
######## #.#####.......##.#
#.###
.......###.......#####.##.#
#.###
.##......#######.##....)..#
#.##. .##.##.#.#
#.##.##.#### #.##.
....##.#.# #.##.##.# #.##.
.#####.#.# #.......# #....


You could see 2 orcs.

Vanquished Creatures
  3 adders
  2 oozes
  2 dart slugs
  2 giant geckos (D:2)
  An orc (D:3)
  A giant cockroach (D:2)
  3 goblins (D:2)
  4 hobgoblins
  A quokka (D:2)
  10 bats
  2 kobolds
  4 rats
35 creatures vanquished.

Notes
Turn   | Place    | Note
--------------------------------------------------------------
     0 | D:1      | FrankyJ the Demonspawn Venom Mage began the quest for the Orb.
     0 | D:1      | Reached XP level 1. HP: 13/13 MP: 3/3
   611 | D:1      | Gained mutation: You are partially covered in rugged brown scales (AC +1, +3% HP). [demonic ancestry]
   611 | D:1      | Reached XP level 2. HP: 13/19 MP: 1/5
  1212 | D:2      | Gained mutation: You have sharp toenails. [demonic ancestry]
  1212 | D:2      | Reached XP level 3. HP: 25/25 MP: 2/6
  1318 | D:2      | Learned a level 2 spell: Cure Poison
  1379 | D:2      | Learned a level 3 spell: Mephitic Cloud
  1836 | D:3      | Found a basalt altar of Yredelemnul.
  1841 | D:3      | Became a worshipper of Yredelemnul the Dark
  1849 | D:3      | Reached XP level 4. HP: 27/31 MP: 4/8
  1965 | D:2      | HP: 1/31 [orc/hand axe (1)]
  1974 | D:2      | Mangled by an orc

Vault maps used:
D:1:      dpeg_arrival_tiny_c
D:3:      overflow_temple_1_default, grunt_temple_overflow_open, uniq_natasha

Skill      XL: |  1  2  3 |
---------------+----------+-----
Dodging        | 2 |  2.0
Stealth        | 2 |  2.1
Spellcasting   | 3 |  3.3
Fighting       | |  0.8
Poison Magic   | |  4.2

Action                   |  1- 3 |  4- 6 || total
-------------------------+-------+-------++-------
Melee: Unarmed           |    11 |       ||    11
       Dagger            |    38 |    17 ||    55
       Kick              |       |     1 ||     1
 Cast: Sting             |    57 |     7 ||    64
  Eat: Chunk             |     3 |     1 ||     4
Armor: Robe              |    11 |     1 ||    12
Dodge: Dodged            |    41 |    13 ||    54
